 Dungeon Crawl Stone Soup version 0.27-a0-597-g524d869a0f (webtiles) character file.

Game seed: 5253781536588626769

7608 jasper the Unseen (level 10, -1/44 HPs)
             Began as a Spriggan Enchanter on Mar 11, 2021.
             Was a Believer of Dithmenos.
             Slain by a gnoll sergeant
             ... wielding a +1 vampiric spear
              (9 damage)
             ... on level 10 of the Dungeon on Mar 12, 2021.
             The game lasted 00:19:03 (12946 turns).

jasper the Unseen (Spriggan Enchanter)             Turns: 12946, Time: 00:19:04

Health: -1/44      AC:  3    Str:  4    XL:     10   Next: 98%
Magic:  5/15       EV: 24    Int: 19    God:    Dithmenos [**....]
Gold:   512        SH:  0    Dex: 17    Spells: 0/15 levels left

rFire    . . .     SeeInvis +   P - +1 dagger (venom)
rCold    . . .     Faith    .   (shield restricted)
rNeg     . . .     Spirit   .   b - +0 robe
rPois    .         Reflect  .   (helmet restricted)
rElec    .         Harm     .   v - +0 cloak
rCorr    .         Rampage  .   (gloves unavailable)
Will     +....                  (boots unavailable)
Stlth    ++++++++..             (no amulet)
HPRegen  0.14/turn              (no ring)
MPRegen  0.14/turn              (no ring)

@: wreathed by umbra, very quick
A: very small, unfitting armour, see invisible, speed 3
a: Renounce Religion, Shadow Step


You were on level 10 of the Dungeon.
You worshipped Dithmenos.
Dithmenos was pleased with you.
You visited 1 branch of the dungeon, and saw 11 of its levels.

You collected 512 gold pieces.

Inventory:

Hand Weapons
 a - a +1 dagger
 e - a +4 mace
 x - a +0 rapier
 A - the +7 hunting sling "Suskonla" {vorpal, rElec Str+9 SInv Stlth-}
   (You found it on level 7 of the Dungeon)

   Any stone fired from it inflicts extra damage.
   It affects your strength (+9).
   It insulates you from electricity.
   It lets you see invisible.
   It makes you less stealthy.
 F - a +3 short sword of holy wrath
 P - a +1 dagger of venom (weapon)
Missiles
 m - 60 bolts
 I - 12 boomerangs
Armour
 b - a +0 robe (worn)
 v - a +0 cloak (worn)
 z - +0 swamp dragon scales
 G - a +0 cloak
 N - a +0 troll leather armour
Magical Staves
 i - a staff of death
 U - a staff of poison
Jewellery
 q - a ring of resist corrosion
 s - a ring of willpower
 Q - a ring of ice
Wands
 f - a wand of iceblast (3)
 u - a wand of flame (16)
 E - a wand of paralysis (6)
 J - a wand of random effects (19)
Scrolls
 d - 4 scrolls of enchant weapon
 g - 2 scrolls of noise {unknown}
 h - a scroll of blinking {unknown}
 j - 4 scrolls of teleportation {unknown}
 p - 4 scrolls of amnesia {unknown}
 r - a scroll of immolation {unknown}
 t - 4 scrolls of enchant armour {unknown}
 y - a scroll of fear {unknown}
 L - a scroll of torment {unknown}
 M - a scroll of fog {unknown}
 R - a scroll of magic mapping {unknown}
 S - a scroll of vulnerability {unknown}
 T - 2 scrolls of identify
Potions
 c - a potion of cancellation
 k - 2 potions of invisibility
 l - 3 potions of resistance
 n - 6 potions of brilliance
 o - 3 potions of berserk rage
 w - 2 potions of flight
 B - a potion of curing
 C - 2 potions of lignification
 D - a potion of ambrosia
 H - a potion of attraction
 K - a potion of might
 O - a potion of haste


   Skills:
 - Level 1.1 Short Blades
 + Level 10.2 Dodging
 * Level 16.0 Stealth
 - Level 3.0 Spellcasting
 * Level 12.8 Hexes


You couldn't memorise any spells.
You knew the following spells:

 Your Spells              Type           Power      Damage    Failure   Level
a - Corona                Hex            56%        N/A       1%          1
b - Ensorcelled Hibernat  Hex/Ice        54%        N/A       1%          2
c - Confusing Touch       Hex            51%        N/A       1%          3
d - Tukima's Dance        Hex            51%        N/A       1%          3
e - Summon Lightning Spi  Summ/Air       2%         N/A       83%         4
f - Apportation           Tloc           4%         N/A       16%         1
g - Animate Skeleton      Necr           4%         N/A       16%         1

Your spell library contained the following spells:

 Spells                   Type           Power      Damage    Failure   Level
 Dazzling Flash           Conj/Hex       54%        N/A       3%          3
 Summon Guardian Golem    Hex/Summ       27%        N/A       3%          3
 Beastly Appendage        Tmut           4%         N/A       16%         1
 Summon Small Mammal      Summ           8%         N/A       16%         1
 Call Imp                 Summ           2%         N/A       22%         2
 Wereblood                Tmut           2%         N/A       22%         2
 Call Canine Familiar     Summ           2%         N/A       41%         3
 Spider Form              Tmut/Pois      1%         N/A       41%         3
 Ice Form                 Ice/Tmut       2%         N/A       83%         4
 Summon Ice Beast         Ice/Summ       2%         N/A       83%         4
 Blade Hands              Tmut           1%         N/A       99%         5


Dungeon Overview and Level Annotations

Branches:
Dungeon (11/15)            Temple (0/1) D:6            Lair (0/6) D:9
    Orc: D:9-12

Altars:
Ashenzari
Dithmenos
Gozag
Hepliaklqana
Kikubaaqudgha
Nemelex Xobeh
Okawaru
Qazlal
Ru
Uskayaw

Shops:
D:4 *

Annotations:
D:8 Gastronok


Innate Abilities, Weirdness & Mutations

You are very small and have problems with some larger weapons.
You are too small for most types of armour.
You have supernaturally acute eyesight. (SInv)
You cover ground extremely quickly. (Speed+++)


Message History

That's the wrong kind of item! (Use * to select it.) Evoke which item? (* to show all) (? for menu, Esc to quit)
Aiming: Iceblast
Press: ? - help, Shift-Dir - straight line, f - gnoll
Aim: a gnoll (almost dead, paralysed)
The mass of ice explodes!
The iceblast engulfs the gnoll!
You kill the gnoll!
Dithmenos accepts your kill.
The iceblast engulfs the gnoll!
The gnoll is severely wounded.
The iceblast engulfs the gnoll!
You kill the gnoll!
Dithmenos accepts your kill.
Aiming: Iceblast
Press: ? - help, Shift-Dir - straight line, f - gnoll
Aim: a gnoll, wielding a +0 halberd and carrying a wand of iceblast (2) (severely wounded)
The mass of ice explodes!
The iceblast engulfs the gnoll!
You kill the gnoll!
Dithmenos accepts your kill.
The iceblast engulfs the gnoll sergeant.
The gnoll sergeant is lightly wounded.
Aiming: Iceblast
Press: ? - help, Shift-Dir - straight line, f - gnoll sergeant
Aim: a gnoll sergeant, wielding a +1 vampiric spear, wearing a +0 scale mail and wearing a +0 kite shield (lightly wounded)
The mass of ice explodes!
The iceblast engulfs the gnoll sergeant!
The gnoll sergeant is severely wounded.
Aiming: Ensorcelled Hibernation (safe; 1% risk of failure)
Press: ? - help, Q - select action, (/) - cycle Shift-Dir - straight line, f/p - gnoll sergeant
Aim: a gnoll sergeant, wielding a +1 vampiric spear, wearing a +0 scale mail and wearing a +0 kite shield (severely wounded, umbra, chance to affect: 56%)
The gnoll sergeant resists with significant effort.
The gnoll sergeant hits you from afar with a +1 vampiric spear.
* * * LOW HITPOINT WARNING * * *
You take 2 damage, and have 8/44 hp.
You now have 7/15 mp.
Aiming: Ensorcelled Hibernation (safe; 1% risk of failure)
Press: ? - help, Q - select action, (/) - cycle Shift-Dir - straight line, f/p - gnoll sergeant
Aim: a gnoll sergeant, wielding a +1 vampiric spear, wearing a +0 scale mail and wearing a +0 kite shield (severely wounded, umbra, chance to affect: 56%)
The gnoll sergeant resists with significant effort.
The gnoll sergeant hits you from afar with a +1 vampiric spear!
You die...

#...............................#
##..............................#
.##................g............#
#.##............................#
.#.#############.)..............#
#.#.## #)##############.# ##.#.##
#g# #.# .##.#.##
#.##############.# #.##.#.#
#@...............# .##.#.##
.........†)............# ##.#.##
.>.....................# #.#.##
#.###################### .#.##
#†## .## ## #


You could see a gnoll sergeant.

Vanquished Creatures
  2 two-headed ogres
  2 unseen horrors (D:10)
  Maurice (D:8)
  A komodo dragon (D:9)
  A troll (D:10)
  A wyvern (D:9)
  3 sky beasts
  2 orc warriors
  An ice beast (D:10)
  A black bear (D:10)
  9 ogres
  6 centaurs
  A phantom (D:7)
  A kobold brigand (D:6)
  5 bullfrogs
  A water moccasin zombie (D:10)
  A scorpion (D:3)
  6 killer bees (D:10)
  6 wights
  2 howler monkeys (D:9)
  A bullfrog zombie (D:6)
  A quasit (D:10)
  A centaur zombie (D:10)
  2 bullfrog skeletons
  3 centaur skeletons
  2 jellies
  4 orc priests
  5 hounds
  Terence (D:3)
  4 iguanas
  A worker ant (D:10)
  3 orc wizards
  A mummy (D:6)
  A hound skeleton (D:5)
  5 gnolls
  12 adders
  2 shadow imps
  2 white imps
  3 ufetubi
  An adder zombie (D:5)
  4 worms
  2 dart slugs
  3 leopard geckos
  16 orcs
  A ball python (D:2)
  4 giant cockroaches
  5 goblins
  7 hobgoblins
  6 jackals
  7 kobolds
  A quokka (D:6)
  5 bats
  4 frilled lizards (D:2)
  A jackal skeleton (D:7)
  A rat (D:1)
175 creatures vanquished.

Vanquished Creatures (collateral kills)
  Maggie (D:7)
1 creature vanquished.

Vanquished Creatures (others)
  43 plants (D:9)
43 creatures vanquished.

Grand Total: 219 creatures vanquished

Notes
Turn   | Place    | Note
-------+----------+-------------------------------------------
     0 | D:1      | jasper the Spriggan Enchanter began the quest for the Orb.
     0 | D:1      | Reached XP level 1. HP: 9/9 MP: 5/5
   608 | D:2      | Reached XP level 2. HP: 13/13 MP: 7/7
   638 | D:2      | Reached skill level 5 in Stealth
   671 | D:1      | Learned a level 2 spell: Ensorcelled Hibernation
  1040 | D:2      | Reached XP level 3. HP: 16/16 MP: 1/8
  1101 | D:2      | Learned a level 3 spell: Confusing Touch
  2416 | D:3      | Reached XP level 4. HP: 18/21 MP: 1/9
  2720 | D:3      | Noticed Terence
  2721 | D:3      | Found a stormy altar of Qazlal.
  2779 | D:3      | Killed Terence
  2780 | D:3      | Reached skill level 6 in Stealth
  3029 | D:3      | Found a sacrificial altar of Ru.
  3143 | D:3      | Found a hide-covered altar of Uskayaw.
  3154 | D:3      | Reached skill level 5 in Hexes
  3824 | D:3      | Reached XP level 5. HP: 24/24 MP: 7/10
  4020 | D:4      | Reached skill level 7 in Stealth
  4030 | D:4      | Found Lefil's Mayhem Merchandise.
  4118 | D:5      | Entered Level 5 of the Dungeon
  4380 | D:5      | Reached XP level 6. HP: 28/28 MP: 5/11
  4438 | D:5      | Learned a level 3 spell: Tukima's Dance
  4446 | D:5      | Found a broken altar of Ashenzari.
  5396 | D:6      | Reached skill level 8 in Stealth
  5902 | D:6      | Noticed a shadow
  5903 | D:6      | Found a shadowy altar of Dithmenos.
  5907 | D:6      | Found a hazy altar of Hepliaklqana.
  5912 | D:6      | Became a worshipper of Dithmenos the Shadowed
  5928 | D:6      | Found a staircase to the Ecumenical Temple.
  6043 | D:7      | Noticed Maggie
  6170 | D:7      | Killed Maggie
  6171 | D:7      | Reached skill level 5 in Dodging
  6171 | D:7      | Reached skill level 9 in Stealth
  6171 | D:7      | Reached XP level 7. HP: 23/32 MP: 2/12
  6368 | D:7      | Identified the +7 hunting sling "Suskonla" {vorpal, rElec
                  | Str+9 SInv Stlth-}
  6725 | D:7      | Reached skill level 10 in Stealth
  6725 | D:7      | Reached XP level 8. HP: 36/36 MP: 7/13
  7190 | D:8      | Noticed a two-headed ogre
  7206 | D:8      | Killed a two-headed ogre
  7207 | D:8      | Reached skill level 11 in Stealth
  7413 | D:8      | Reached skill level 12 in Stealth
  7413 | D:8      | Noticed Maurice
  7433 | D:8      | Paralysed by Maurice for 2 turns
  7446 | D:8      | Killed Maurice
  7447 | D:8      | Reached XP level 9. HP: 39/39 MP: 5/14
  7531 | D:8      | Reached skill level 10 in Hexes
  7663 | D:8      | Noticed Gastronok
  7815 | D:9      | Noticed a komodo dragon
  7815 | D:9      | Noticed a two-headed ogre
  7845 | D:9      | Killed a two-headed ogre
  7846 | D:9      | Reached skill level 13 in Stealth
  8239 | D:9      | Learned a level 4 spell: Summon Lightning Spire
  8462 | D:9      | Reached skill level 14 in Stealth
  8468 | D:9      | Reached * piety under Dithmenos
  8734 | D:9      | Reached XP level 10. HP: 44/44 MP: 15/15
  8858 | D:9      | Found an iron altar of Okawaru.
  8858 | D:9      | Found an ancient bone altar of Kikubaaqudgha.
  8866 | D:9      | Found a faded altar of an unknown god.
  8868 | D:9      | Found a sparkling altar of Nemelex Xobeh.
  8870 | D:9      | Found a faded altar of an unknown god.
  9184 | D:9      | Found a staircase to the Lair.
  9330 | D:10     | Entered Level 10 of the Dungeon
  9330 | D:10     | Noticed an unseen horror
  9332 | D:10     | Killed an unseen horror
  9666 | D:10     | Noticed an unseen horror
  9672 | D:10     | Killed an unseen horror
  9673 | D:10     | Reached skill level 15 in Stealth
 10782 | D:4      | Reached ** piety under Dithmenos
 11544 | D:6      | Learned a level 1 spell: Apportation
 11546 | D:6      | Learned a level 1 spell: Animate Skeleton
 11567 | D:6      | Reached skill level 10 in Dodging
 11664 | D:6      | Found an opulent altar of Gozag.
 12624 | D:11     | Reached skill level 16 in Stealth
 12946 | D:10     | Slain by a gnoll sergeant

Illustrated notes

Levels and vault maps discovered:
D:1:      minmay_arrival_radiant_lines, layout_basic
D:2:      layout_loops_ring, kennysheep_generic_room_12
D:3:      layout_loops_ring, nicolae_uskayaw_suspiria, nicolae_ru_path_of_blood,
          serial_rivers, chequers_serial_rivers_marsh,
          chequers_serial_rivers_small_a, chequers_serial_rivers_micro_e,
          chequers_serial_rivers_room_b, chequers_serial_rivers_micro_e,
          chequers_serial_rivers_room_b, grunt_qazlal_clouds, uniq_terence
D:4:      layout_loops_ring, minmay_shop_mayhem, chequers_serial_rivers_micro_d,
          grunt_ministairs_11
D:5:      layout_rooms, kennysheep_mini, kennysheep_potato
D:6:      layout_basic, riverfiend_overflow_shadow_ancestor,
          grunt_gozag_statues, temple_fountains, gup_ossuary_entry_pyramid
D:7:      layout_cave_pods, uniq_maggie
D:8:      layout_loops_corners, uniq_gastronok, uniq_maurice
D:9:      layout_roguey, chequers_temple_overflow_minitemple,
          david_lair_shrubbed, kennysheep_generic_room_11
D:10:     minmay_inner_zag, layout_long_grid
D:11:     layout_stronghold, serial_shops, shop,
          hangedman_abyss_or_decor_stagger, amcnicky_mini_pool_small,
          minmay_unpleasant_kobolds

Skill      XL: |  1  2  3  4  5  6  7  8  9 10 |
---------------+-------------------------------+-----
Spellcasting   | 3 |  3.0
Dodging        | 3 4 5 7 8 10 | 10.2
Stealth        | 5 6 7 9 10 12 14 16 | 16.0
Hexes          | 4 5 7 9 11 12 | 12.8
Short Blades   | |  1.1

Action                   |  1- 3 |  4- 6 |  7- 9 | 10-12 || total
-------------------------+-------+-------+-------+-------++-------
Melee: Dagger            |    72 |   148 |    84 |   154 ||   458
       Mace              |     6 |       |       |       ||     6
       Short sword       |       |       |     7 |       ||     7
 Cast: Corona            |     1 |       |       |       ||     1
       Ensorcelled Hiber |    23 |    48 |    32 |    67 ||   170
       Confusing Touch   |       |     8 |     8 |    10 ||    26
       Tukima's Dance    |       |     1 |     1 |       ||     2
Evoke: Wand              |       |     6 |     1 |     6 ||    13
  Use: Potion            |     1 |     1 |       |       ||     2
       Scroll            |       |       |       |    11 ||    11
 Stab: Sleeping          |    25 |    33 |    28 |    48 ||   134
       Confused          |       |     8 |     7 |    10 ||    25
       Distracted        |       |     1 |       |       ||     1
Armor: Robe              |    11 |    13 |     2 |     9 ||    35
Dodge: Dodged            |    85 |   125 |    54 |   196 ||   460

Table legend: (Time is in decaauts)
 A = Elapsed time spent in this place.
 B = Non-inter-level travel time spent in this place.
 C = Inter-level travel time spent in this place.
 D = Time resting spent in this place.
 E = Time spent auto-exploring this place.
 F = Levels seen in this place.
 G = Mean time per level.
                   A        B        C        D        E       F      G
               +--------+--------+--------+--------+--------+-----+--------+
         Total |  10217 |   9637 |    580 |   2461 |   5363 |  11 |  928.8 |
       Dungeon |  10217 |   9637 |    580 |   2461 |   5363 |  11 |  928.8 |
               +--------+--------+--------+--------+--------+-----+--------+

Top non-repeatable levels by time:
     D:9: 1582 daAuts
     D:5: 1355 daAuts
     D:2: 1318 daAuts
    D:10: 1149 daAuts
     D:3: 1079 daAuts
     D:7: 950 daAuts
     D:4: 816 daAuts
     D:1: 671 daAuts
     D:6: 662 daAuts
     D:8: 616 daAuts
    D:11: 14 daAuts
